 Dungeon Crawl Stone Soup version 0.19.5 (webtiles) character file.

49 Wilfredo the Firebug (level 4, -1/31 HPs)
             Began as a Human Fire Elementalist on May 1, 2017.
             Slain by a kobold
             ... wielding a +0 short sword
              (3 damage)
             ... on level 2 of the Dungeon.
             The game lasted 00:13:13 (1694 turns).

Wilfredo the Firebug (Human Fire Elementalist)      Turns: 1694, Time: 00:13:15

Health: -1/31      AC:  2    Str:  9    XL:     4   Next: 2%
Magic:  6/7        EV: 12    Int: 16    God:
Gold:   88         SH:  0    Dex: 13    Spells: 3 memorised, 1 level left

rFire  . . .     SeeInvis .     d - +0 short sword
rCold  . . .     Gourm    .     a - +0 robe
rNeg   . . .     Faith    .     (no shield)
rPois  .         Spirit   .     (no helmet)
rElec  .         Reflect  .     (no cloak)
rCorr  .         Harm     .     (no gloves)
MR     .....                    (no boots)
Stlth  ++........               (no amulet)
                                (no ring)
                                (no ring)

@: no status effects
A: no striking features
a: no special abilities


You were on level 2 of the Dungeon.
You were very hungry.

You visited 1 branch of the dungeon, and saw 2 of its levels.

You collected 88 gold pieces.

Inventory:

Hand Weapons
 d - a +0 short sword (weapon)
 g - a +0 dagger
Missiles
 e - 42 arrows
 m - 5 stones (quivered)
Armour
 a - a +0 robe (worn)
Wands
 p - a wand of iceblast (5/15)
Scrolls
 f - a scroll of enchant armour {unknown}
 j - a scroll of fear {unknown}
 k - 2 scrolls of remove curse {unknown}
 l - a scroll of amnesia {unknown}
 n - a scroll of fog {unknown}
 o - 4 scrolls of magic mapping {unknown}
Potions
 i - a potion of brilliance {unknown}
Books
 b - a book of Flames

   Spells                             Type                      Level
   a - Flame Tongue                   Conjuration/Fire             1
   b - Throw Flame                    Conjuration/Fire             2
   c - Conjure Flame                  Conjuration/Fire             3
   d - Inner Flame                    Hexes/Fire                   3
   e - Sticky Flame                   Conjuration/Fire             4
   f - Fireball                       Conjuration/Fire             5
Comestibles
 c - a bread ration
 h - a royal jelly


   Skills:
 + Level 0.8 Fighting
 * Level 1.4 Short Blades
 + Level 2.2 Dodging
 + Level 2.2 Stealth
 + Level 2.2 Spellcasting
 + Level 1.1 Conjurations
 + Level 3.5 Fire Magic


You had one spell level left.
You knew the following spells:

 Your Spells              Type           Power        Failure   Level  Hunger
a - Flame Tongue          Conj/Fire      #....        10%         1    #......
b - Throw Flame           Conj/Fire      #.....       14%         2    ###....
c - Conjure Flame         Conj/Fire      #.......     28%         3    ###....


Dungeon Overview and Level Annotations

Branches:
Dungeon (2/15)

Altars:
Makhleb
Xom


Message History

You kill the rat!
The kobold misses you.
Found a twisted bone wand.
Found a shimmering altar of Xom.
A goblin comes into view. It is wielding a club.
Found a fizzy yellow potion.
You see here a fizzy yellow potion.
i - a fizzy yellow potion The kobold completely misses you.
The leopard gecko hisses menacingly.
There is a shimmering altar of Xom here.
You see here a twisted bone wand.
p - a wand of iceblast The leopard gecko barely misses you.
You are feeling very hungry.
The kobold hits you with a short sword.
* * * LOW HITPOINT WARNING * * *
The goblin shouts!
The goblin throws a stone.
The stone misses you. The kobold hits you with a short sword.
You die...

#g# #...... #.# # ###...# #.#
.. #...# #.# .# ##### #(# #.#
#.# ###.### #.#### ##.....#
#....#####......####
###.....@Kl_..g.....
#..####..g....### #..#
###.....# ########..# ###.###
##....g....# #.#
###.....###.#### ###.######
...............####.........#
.##.....#.#.......g.#........
#.(..##.#.#..############.#


You could see a leopard gecko, 2 goblins and a kobold.

Vanquished Creatures
  2 adders (D:2)
  A dart slug (D:1)
  A leopard gecko (D:1)
  3 bats
  A giant cockroach (D:1)
  8 goblins
  2 hobgoblins
  A jackal (D:2)
  2 kobolds (D:1)
  2 frilled lizards (D:1)
  5 rats
28 creatures vanquished.

Notes
Turn   | Place    | Note
-------+----------+-------------------------------------------
     0 | D:1      | Wilfredo the Human Fire Elementalist began the quest for the Orb.
     0 | D:1      | Reached XP level 1. HP: 13/13 MP: 3/3
   301 | D:1      | Reached XP level 2. HP: 7/19 MP: 0/5
   992 | D:1      | Reached XP level 3. HP: 24/24 MP: 6/6
  1032 | D:1      | Learned a level 2 spell: Throw Flame
  1036 | D:1      | Learned a level 3 spell: Conjure Flame
  1052 | D:1      | Reached skill level 1 in Short Blades
  1146 | D:2      | Found a burning altar of Makhleb.
  1621 | D:2      | Reached XP level 4. HP: 13/31 MP: 7/7
  1684 | D:2      | Found a shimmering altar of Xom.
  1694 | D:2      | Slain by a kobold

Skill      XL: |  1  2  3 |
---------------+----------+-----
Short Blades   | 1 |  1.4
Fighting       | |  0.8
Dodging        | |  2.2
Stealth        | |  2.2
Spellcasting   | |  2.2
Conjurations   | |  1.1
Fire Magic     | |  3.5

Action                   |  1- 3 |  4- 6 || total
-------------------------+-------+-------++-------
Melee: Short sword       |    87 |     4 ||    91
 Cast: Flame Tongue      |     9 |       ||     9
       Throw Flame       |     2 |     1 ||     3
       Conjure Flame     |     1 |       ||     1
 Stab: Sleeping          |     2 |     1 ||     3
  Eat: Chunk             |     2 |       ||     2
Armor: Robe              |    16 |     1 ||    17
Dodge: Dodged            |    83 |     5 ||    88
